 Dungeon Crawl Stone Soup version 0.18-b1-22-ge198996 (webtiles) character file.

111 oplop the Poker (level 4, -2/35 HPs)
             Began as a Merfolk Gladiator on May 4, 2016.
             Slain by a hobgoblin (5 damage)
             ... on level 3 of the Dungeon.
             The game lasted 00:04:42 (2158 turns).

oplop the Poker (Merfolk Gladiator)                 Turns: 2158, Time: 00:04:43

Health: -2/35      AC:  4    Str: 15    XL:     4   Next: 92%
Magic:  4/4        EV: 14    Int:  7    God:
Gold:   70         SH:  0    Dex: 15    Spells: 0 memorised, 3 levels left

rFire  . . .     SeeInvis .     a - +0 trident
rCold  . . .     Gourm    .     b - +0 leather armour
rNeg   . . .     Faith    .     (no shield)
rPois  .         Spirit   .     c - +0 helmet
rElec  .         Dismiss  .     (no cloak)
rCorr  .         Reflect  .     (no gloves)
SustAt .         Harm     .     (no boots)
MR     .....                    (no amulet)
Stlth  +.........               (no ring)
                                (no ring)

@: not resistant to hostile enchantments, very unstealthy
A: change form in water, swift swim
a: no special abilities


You were on level 3 of the Dungeon.
You were not hungry.

You visited 1 branch of the dungeon, and saw 3 of its levels.

You collected 70 gold pieces.

Inventory:

Hand Weapons
 a - a +0 trident (weapon)
Missiles
 d - a throwing net (quivered)
Armour
 b - a +0 leather armour (worn)
 c - a +0 helmet (worn)
Scrolls
 e - a scroll of teleportation {unknown}
 h - a scroll of noise {unknown}
 i - 3 scrolls of remove curse {unknown}
 k - a scroll of enchant weapon {unknown}
 l - a scroll of magic mapping {unknown}
 m - 2 scrolls of fear {unknown}
 n - a scroll of identify {unknown}
 p - 2 scrolls of fog {unknown}
 r - a scroll of blinking {unknown}
Comestibles
 f - 3 bread rations
 j - a beef jerky
 q - 2 fruits
 t - 2 chunks of flesh


   Skills:
 + Level 3.1 Fighting
 + Level 5.3 Polearms
 + Level 2.8 Throwing
 + Level 5.3 Dodging


You had 3 spell levels left.
You didn't know any spells.

Dungeon Overview and Level Annotations

Branches:
Dungeon (3/15)

Altars:


Message History

You see here 20 sling bullets.
The bat struggles to escape the net. x2; The bat breaks free.
The bat hits you but does no damage. The bat barely misses you.
The bat hits you but does no damage. The bat misses you.
The bat hits you but does no damage. The bat barely misses you.
The bat barely misses you. The bat misses you.
The bat barely misses you. x2; The hobgoblin misses you.
You hit the hobgoblin.
The hobgoblin is heavily wounded.
The bat barely misses you. The bat closely misses you.
The hobgoblin hits you but does no damage.
You hit the hobgoblin but do no damage.
The hobgoblin is heavily wounded.
The bat closely misses you. The hobgoblin misses you.
The bat closely misses you.
You barely miss the hobgoblin.
The hobgoblin is heavily wounded.
The bat closely misses you. The hobgoblin hits you.
You die...

#### ### #..# ..# ####
.#########..######.##....
........(.(.ggb.@g....#
...###..###.w.b###..### #
......?...#.##..)...###.#.#
..#.###g#.#.#######.....#.#
....$..l....## #.....#.#
#.#.###.#.....#####...#...#
#.#!#g#.###.##....#.##..#
.#.###w#.# #....####.##..#
#......[..# #...## #.##..#


You could see 2 gnolls, a dart slug, a hobgoblin and 2 bats.

Vanquished Creatures
  A gnoll (D:3)
  6 adders
  2 dart slugs (D:2)
  A giant cockroach (D:1)
  5 goblins
  6 hobgoblins
  4 jackals (D:2)
  A ball python (D:3)
  8 bats
  5 kobolds
  6 rats
45 creatures vanquished.

Vanquished Creatures (others)
  5 toadstools (D:1)
5 creatures vanquished.

Grand Total: 50 creatures vanquished

Notes
Turn   | Place    | Note
--------------------------------------------------------------
     0 | D:1      | oplop the Merfolk Gladiator began the quest for the Orb.
     0 | D:1      | Reached XP level 1. HP: 16/16 MP: 1/1
    72 | D:1      | You fall through a shaft!
    89 | D:2      | Reached XP level 2. HP: 12/23 MP: 2/2
   385 | D:2      | Reached XP level 3. HP: 22/28 MP: 3/3
   430 | D:2      | Reached skill level 5 in Polearms
  1199 | D:1      | Reached XP level 4. HP: 31/34 MP: 4/4
  1519 | D:2      | Reached skill level 5 in Dodging
  2121 | D:3      | HP: 1/35 [poisoned by a gnoll]
  2158 | D:3      | Slain by a hobgoblin

Skill      XL: |  1  2  3  4 |
---------------+-------------+-----
Polearms       | 5 |  5.3
Dodging        | 5 |  5.3
Fighting       | 3 |  3.1
Throwing       | |  2.8

Action                   |  1- 3 |  4- 6 || total
-------------------------+-------+-------++-------
Melee: Trident           |    85 |    83 ||   168
Throw: Throwing net      |       |     2 ||     2
  Use: Potion            |       |     3 ||     3
 Stab: Sleeping          |     1 |     1 ||     2
  Eat: Chunk             |       |     4 ||     4
Armor: Leather armour    |    21 |    17 ||    38
Dodge: Dodged            |    65 |    81 ||   146
